 Dungeon Crawl Stone Soup version 0.21-a0-525-ga34b322 (webtiles) character file.

1380 Amnesiac the Shooter (level 8, -1/61 HPs)
             Began as a Mummy Hunter on Dec 7, 2017.
             Was an Initiate of Okawaru.
             Slain by an ogre
             ... wielding a cursed +0 giant spiked club
              (11 damage)
             ... on level 5 of the Dungeon.
             The game lasted 00:10:37 (6623 turns).

Amnesiac the Shooter (Mummy Hunter)                 Turns: 6623, Time: 00:10:38

Health: -1/61      AC:  9    Str: 18    XL:     8   Next: 39%
Magic:  8/8        EV: 12    Int: 10    God:    Okawaru [......]
Gold:   282        SH:  0    Dex: 12    Spells: 7/7 levels left

rFire    . . .     SeeInvis .   a - +1 shortbow
rCold    + . .     Gourm    .   (shield currently unavailable)
rNeg     + + +     Faith    .   q - +2 ring mail {rF+}
rPois    ∞         Spirit   .   (no helmet)
rElec    .         Reflect  .   (no cloak)
rCorr    .         Harm     .   (no gloves)
MR       +....                  i - +0 pair of boots
Stlth    +.........             (no amulet)
HPRegen  0.20/turn              (no ring)
MPRegen  0.11/turn              (no ring)

@: very slightly contaminated
A: no food or potions, fire vulnerability, cold resistance 1, negative energy
resistance 3, torment resistance, unbreathing
a: Renounce Religion


You were on level 5 of the Dungeon.
You worshipped Okawaru.
Okawaru was noncommittal.
You were not hungry.

You visited 2 branches of the dungeon, and saw 7 of its levels.

You collected 282 gold pieces.

Inventory:

Hand Weapons
 a - a +1 shortbow (weapon)
 b - a +0 hunting sling
 f - a +0 dagger of pain
 p - a +1 short sword of freezing
Missiles
 d - 55 arrows (quivered)
 l - 174 stones
 m - 19 sling bullets
 o - 51 poisoned needles
Armour
 i - a +0 pair of boots (worn)
 q - a +2 ring mail of fire resistance (worn)
 r - the +2 robe "Zeojy" {rElec Str-4 Int+2}
   (You found it on level 4 of the Dungeon)

   It affects your strength (-4).
   It affects your intelligence (+2).
   It insulates you from electricity.
Jewellery
 s - an uncursed ring of protection from magic {unknown}
Scrolls
 c - a scroll of identify {!r}
 g - a scroll of remove curse {!r}
 k - a scroll of noise {!r}


   Skills:
 + Level 4.8 Fighting
 * Level 6.3 Bows
 + Level 4.0 Armour
 + Level 3.9 Dodging
 - Level 0.7 Stealth


You had 7 spell levels left.
You didn't know any spells.

Dungeon Overview and Level Annotations

Branches:
Dungeon (6/15)             Temple (1/1) D:5

Altars:
Ashenzari
Cheibriados
Dithmenos
Elyvilon
Gozag
Hepliaklqana
Kikubaaqudgha
Makhleb
Okawaru
Qazlal
Ru
Sif Muna
Trog
Uskayaw
Vehumet
Wu Jian
Xom
Yredelemnul
Zin
The Shining One


Innate Abilities, Weirdness & Mutations

You do not eat or drink.
Your flesh is vulnerable to fire.
You are immune to poison.
Your flesh is cold resistant. (rC+)
You are immune to negative energy. (rN+++)
You are immune to unholy pain and torment.
You can survive without breathing.


Message History

You kill the orc wizard!
Okawaru accepts your kill.
Firing (i - inventory. (,) - cycle):
d - 63 arrows (quivered)
Press: ? - help, Shift-Dir - straight line, f - worker ant
Aim: a worker ant You shoot an arrow.
The arrow closely misses the worker ant.
The arrow hits the ogre but does no damage.
Firing (i - inventory. (,) - cycle):
d - 62 arrows (quivered)
Press: ? - help, Shift-Dir - straight line, f/p - worker ant
Aim: a worker ant You shoot an arrow.
The arrow hits the worker ant but does no damage.
Firing (i - inventory. (,) - cycle):
d - 61 arrows (quivered)
Press: ? - help, Shift-Dir - straight line, f/p - worker ant
Aim: a worker ant You shoot an arrow.
The arrow hits the worker ant.
The worker ant is lightly wounded.
Firing (i - inventory. (,) - cycle):
d - 60 arrows (quivered)
Press: ? - help, Shift-Dir - straight line, f/p - worker ant
Aim: a worker ant (lightly wounded)
You shoot an arrow. The arrow hits the worker ant!
The worker ant is severely wounded.
The worker ant bites you.
Firing (i - inventory. (,) - cycle):
d - 59 arrows (quivered)
Press: ? - help, Shift-Dir - straight line, f/p - worker ant
Aim: a worker ant (severely wounded)
You shoot an arrow. The arrow hits the worker ant.
The worker ant is almost dead.
The worker ant bites you.
Firing (i - inventory. (,) - cycle):
d - 58 arrows (quivered)
Press: ? - help, Shift-Dir - straight line, f/p - worker ant
Aim: a worker ant (almost dead)
You shoot an arrow. The arrow hits the worker ant.
You kill the worker ant!
Okawaru accepts your kill.
Your Armour skill increases to level 4!
Firing (i - inventory. (,) - cycle):
d - 57 arrows (quivered)
Press: ? - help, Shift-Dir - straight line, f - ogre
Aim: an ogre, wielding a giant spiked club You shoot an arrow.
The arrow barely misses the ogre.
The ogre hits you with a giant spiked club!
* * * LOW HITPOINT WARNING * * *
You see here an uncursed shortbow.
Okay, then.
You aren't carrying or standing over any spellbooks.
Unknown command.
There is a stone staircase leading down here.
The frilled lizard hisses angrily.
You can't drink.
Okay, then.
Firing (i - inventory. (,) - cycle):
d - 56 arrows (quivered)
Press: ? - help, Shift-Dir - straight line, f/p - ogre
Aim: an ogre, wielding a giant spiked club You shoot an arrow.
The arrow hits the ogre.
The ogre is lightly wounded.
The ogre hits you with a giant spiked club!!
* * * LOW HITPOINT WARNING * * *
Really read
j - a scroll of blinking {!r}?
Blink to where?
Press: ? - help, Dir - move target cursor, p - ogre
As you read the scroll of blinking {!r}, it crumbles to dust.
The ogre hits you with a giant spiked club!
You die...

...# #..............#.# ####
##.###...####.#####.#.# #...
#.........##.# #.#.# #.##
###........<.# #.#.# #.#≈
#...##.##.#..#####.#.# #.##
#.#.##..#.#..........########.##
#.################...†........#
#.#**≈..≈.#*#§O.#######.#######
#.#*≈≈.≈...*###@#*#######
#.#.bb≈.≈.P.# #.##≈.≈##
#.#.≈.###≈≈≈###.#l≈P.≈#*
#.#b.≈#.#≈≈≈#.#.#####.≈*
###.≈≈#.#≈≈≈#.......#.≈*
#≈≈≈#.#≈≈≈##......#..#########
*#..#.#b.###......#≈≈#........
*#.#.#b#*#.......#≈≈#########
*##.### ##......#≈.* #####


You could see an ogre.

Vanquished Creatures
  Pikel (D:4)
  A slave (D:4)
  An ogre (Temple)
  A centaur (D:5)
  A wyvern skeleton (D:4)
  A scorpion (D:5)
  2 howler monkeys
  A bullfrog zombie (D:5)
  A crimson imp (D:5)
  A hound (D:5)
  A bullfrog skeleton (D:4)
  A jelly (D:5)
  4 orc priests
  2 orc wizards
  4 worker ants
  A hound skeleton (D:5)
  7 adders
  3 gnolls (D:4)
  An adder skeleton (D:4)
  2 worms (D:2)
  7 leopard geckos
  12 orcs
  8 giant cockroaches
  2 gnoll zombies (D:5)
  7 goblins
  7 hobgoblins
  A quokka (D:2)
  2 ball pythons
  8 bats
  5 frilled lizards
  A jackal zombie (D:5)
  4 kobolds
  6 rats
107 creatures vanquished.

Vanquished Creatures (others)
  A slave (D:4)
  2 orc wizards (D:4)
  An adder (D:4)
  2 orcs (D:4)
  A quokka (D:4)
  A frilled lizard (D:4)
  5 fungi (D:5)
13 creatures vanquished.

Grand Total: 120 creatures vanquished

Notes
Turn   | Place    | Note
-------+----------+-------------------------------------------
     0 | D:1      | Amnesiac the Mummy Hunter began the quest for the Orb.
     0 | D:1      | Reached XP level 1. HP: 16/16 MP: 1/1
   197 | D:1      | Reached skill level 1 in Armour
   369 | D:1      | Reached XP level 2. HP: 7/22 MP: 2/2
  1243 | D:1      | Reached XP level 3. HP: 24/27 MP: 3/3
  2690 | D:2      | Reached XP level 4. HP: 11/34 MP: 4/4
  3177 | D:3      | Reached skill level 4 in Bows
  3223 | D:3      | Reached XP level 5. HP: 18/40 MP: 5/5
  3497 | D:3      | Found a hide-covered altar of Uskayaw.
  3696 | D:4      | Got a fine robe
  3707 | D:4      | Identified the +2 robe "Zeojy" {rElec Str-4 Int+2} (You found it on level 4 of the Dungeon)
  3745 | D:4      | Noticed Pikel
  3745 | D:4      | Noticed a slave
  3745 | D:4      | Noticed a slave
  3747 | D:4      | Noticed a slave
  3755 | D:4      | Noticed a slave
  3757 | D:4      | Killed a slave
  3765 | D:4      | Killed Pikel
  3765 | D:4      | Reached skill level 5 in Bows
  3765 | D:4      | Reached XP level 6. HP: 15/48 MP: 6/6
  3765 | D:4      | Reached XP level 7. HP: 16/53 MP: 7/7
  4444 | D:4      | Found a shimmering altar of Xom.
  4753 | D:5      | Entered Level 5 of the Dungeon
  4756 | D:5      | Found a staircase to the Ecumenical Temple.
  4761 | Temple   | Entered the Ecumenical Temple
  5663 | D:5      | Reached XP level 8. HP: 44/61 MP: 8/8
  5831 | D:5      | Found a deep blue altar of Sif Muna.
  5890 | D:5      | Reached skill level 6 in Bows
  5891 | D:5      | Found a glowing golden altar of the Shining One.
  5901 | D:5      | Found an iron altar of Okawaru.
  5909 | D:5      | Became a worshipper of Warmaster Okawaru
  6115 | D:5      | Found a basalt altar of Yredelemnul.
  6623 | D:5      | Slain by an ogre

Vault maps used:
D:1:      dpeg_arrival_rooms_b, wad_floor_pattern_untrapped
D:3:      nicolae_overflow_hidden_temple, first_bread
D:4:      tgw_xom, uniq_pikel
D:5:      grunt_temple_overflow_open, lemuel_zombie_altar_yredelemnul,
          marbit_many_paths, temple_doors_e, serial_aquarium,
          aquarium_bridge_square, aquarium_bridge_square, aquarium_window_1,
          aquarium_window_2, aquarium_view_2d, aquarium_balcony_5b
Temple:   regret_index_temple_generic_petals

Skill      XL: |  1  2  3  4  5  6  7  8 |
---------------+-------------------------+-----
Armour         | 1 2 3 4 |  4.0
Dodging        | 2 3 |  3.9
Bows           | 4 5 6 |  6.3
Fighting       | 3 4 |  4.8
Stealth        | |  0.7

Action                   |  1- 3 |  4- 6 |  7- 9 || total
-------------------------+-------+-------+-------++-------
Melee: Short sword       |    78 |       |       ||    78
       Spear             |    25 |       |       ||    25
       Shortbow          |       |       |     2 ||     2
 Fire: Shortbow          |    56 |    62 |   173 ||   291
       Hunting sling     |    18 |    45 |    32 ||    95
  Use: Scroll            |     4 |       |     6 ||    10
 Stab: Sleeping          |     3 |       |       ||     3
Armor: Leather armour    |    21 |       |       ||    21
       Scale mail        |    31 |     4 |       ||    35
       Ring mail         |       |    20 |    50 ||    70
Dodge: Dodged            |    99 |    33 |    72 ||   204

Table legend:
 A = Spawn XP
 B = Non-spawn XP
 C = Spawn XP percentage of total XP
 D = Spawn monster count
 E = Non-spawn monster count
 F = Spawn count percentage of total count
 G = Total turns spent on level
                    A         B        C        D         E        F      G
               +---------+---------+-------+---------+---------+-------+---------
         Total |       0 |    1972 |   0.0 |       0 |     106 |   0.0 |  6623
               +---------+---------+-------+---------+---------+-------+---------
           D:1 |       0 |      77 |   0.0 |       0 |      27 |   0.0 |  1697
           D:2 |       0 |      84 |   0.0 |       0 |      13 |   0.0 |  1275
           D:3 |       0 |     157 |   0.0 |       0 |      25 |   0.0 |   759
           D:4 |       0 |     860 |   0.0 |       0 |      14 |   0.0 |  1076
           D:5 |       0 |     544 |   0.0 |       0 |      22 |   0.0 |  1216
           D:6 |       0 |     125 |   0.0 |       0 |       4 |   0.0 |   165
        Temple |       0 |     125 |   0.0 |       0 |       1 |   0.0 |   435
               +---------+---------+-------+---------+---------+-------+---------
